 Dungeon Crawl Stone Soup version 0.28-a0-1613-gdaab1c2f9b (webtiles) character file.

Game seed: 13623920115603837037

57 murtidash the Sneak (level 4, -2/23 HPs)
             Began as a Vine Stalker Brigand on Jan 21, 2022.
             Succumbed to Sigmund's poison
             ... on level 2 of the Dungeon.
             The game lasted 00:01:43 (1249 turns).

murtidash the Sneak (Vine Stalker Brigand)          Turns: 1249, Time: 00:01:43

Health: -2/23      AC:  9    Str: 16    XL:     4   Next: 0%
Magic:  3/5        EV:  6    Int: 11    God:
Gold:   57         SH:  0    Dex: 15    Spells: 3/3 levels left

rFire   . . .      SeeInvis .   i - +0 dagger (elec)
rCold   . . .      Faith    .   (no shield)
rNeg    . . .      Spirit   +   h - +0 chain mail
rPois   .          Reflect  .   (no helmet)
rElec   .          Harm     .   c - +0 cloak
rCorr   .          Rampage  .   (no gloves)
Will    +....                   (no boots)
Stlth   ..........              g - amulet of magic regeneration
HPRegen 0.87/turn               f - ring of willpower
MPRegen 0.49/turn               (no ring)

@: brilliant, lethally poisoned (-2 -> -17)
A: fangs 2, regeneration 1, magic shield, antimagic bite, no potion heal 2
a: no special abilities


You were on level 2 of the Dungeon.
You visited 1 branch of the dungeon, and saw 2 of its levels.

You collected 57 gold pieces.

Inventory:

Hand Weapons
 a - a +2 dagger
 i - a +0 dagger of electrocution (weapon)
   (You found it on level 1 of the Dungeon)
 n - a +2 dagger of draining
   (You took it off Jessica on level 2 of the Dungeon)
Missiles
 d - 8 poisoned darts
 e - 2 curare-tipped darts
Armour
 b - a +0 robe
 c - a +0 cloak (worn)
 h - a +0 chain mail (worn)
   (You found it on level 1 of the Dungeon)
Jewellery
 f - a ring of willpower (left hand)
   (You found it on level 1 of the Dungeon)
 g - an amulet of magic regeneration (around neck)
   (You found it on level 1 of the Dungeon)
Scrolls
 j - a scroll of brand weapon {unknown}
 k - 5 scrolls of identify {unknown}
Potions
 m - a potion of flight


   Skills:
 + Level 2.5 Fighting
 + Level 2.6 Short Blades
 - Level 1.7 Throwing
 + Level 1.4 Armour
 - Level 0.7 Dodging
 - Level 4.8 Stealth


You had 3 spell levels left.
You didn't know any spells.
Your spell library was empty.

Dungeon Overview and Level Annotations

Branches:
Dungeon (2/15)

Altars:

Annotations:
D:2 Sigmund


Innate Abilities, Weirdness & Mutations

You have extremely sharp teeth.
Your natural rate of healing is unusually fast.
When hurt, damage is shared between your health and your magic reserves.
Your bite disrupts and absorbs the magic of your enemies.
Potions cannot restore your health.


Message History

You hit the kobold.
You kill the kobold!
No target in view!
No target in view!
No target in view!
No target in view!
No target in view!
No target in view!
No target in view!
No target in view!
No target in view!
No target in view!
No target in view!
No target in view!
No target in view!
A hobgoblin comes into view.
The hobgoblin shouts!
A rat comes into view.
You hit the hobgoblin but do no damage.
Lightning courses through the hobgoblin!
You kill the hobgoblin!
Health restored: 19 You hit the rat.
The rat bites you but does no damage.
You hit the rat. Lightning courses through the rat!!
You kill the rat!
You have reached level 4!
You feel stronger.
You begin to heal more quickly.
Health restored: 23; MP restored: 5
o - a fuming orange potion
k - 5 scrolls labelled SYIM ZEMISE (gained 3)
You now have 57 gold pieces (gained 13).
You see here a +0 robe.
Sigmund the Dreaded comes into view.
He is wielding a +1 scythe of venom.
Sigmund shouts!
Sigmund casts a spell at you. You resist with almost no effort.
Things that are here:
a +0 short sword; a kobold corpse You aren't carrying any items that you can evoke.
It was a potion of flight.
You feel very buoyant.
You fly up into the air.
Sigmund drinks a potion.
Sigmund flickers and vanishes!
Deactivating autopickup; reactivate with Ctrl-A.
It was a potion of lignification.
You turn into a tree.
Your +0 cloak melds into your body.
Your +0 chain mail melds into your body.
Your roots penetrate the ground.
You now have 34/34 hp.
A puff of flame appears from out of thin air!
The puff of flame hits you.
You take 5 damage, and have 29/34 hp.
You now have 4/5 mp.
MP restored: 5 You cannot move.
You cannot move.
You swing at nothing.
Something hits you but does no damage.
You swing at nothing.
You swing at nothing.
Something hits you but does no damage.
Health restored: 34 You swing at nothing.
Your transformation is almost over.
You swing at nothing.
Something hits you but does no damage.
You swing at nothing.
Something hits you but does no damage.
You swing at nothing.
You swing at nothing.
A magic dart appears from out of thin air!
The magic dart hits you.
You take 1 damage, and have 33/34 hp.
You swing at nothing.
Something hits you but does no damage.
You are poisoned.
You cannot move.
You feel sick.
You take 1 damage, and have 32/34 hp.
You feel sick. Something hits you but does no damage.
You feel less wooden.
Your +0 cloak unmelds from your body.
Your +0 chain mail unmelds from your body.
You feel sick. Something hits you but does no damage.
You are more poisoned.
You now have 22/23 hp.
No target in view!
You feel very sick.
You take 3 damage, and have 19/23 hp.
You barely miss something.
You feel very sick. Something hits you.
You are more poisoned.
You take 4 damage, and have 15/23 hp.
You closely miss something. Your bite misses something.
You feel very sick. Something hits you!
You are more poisoned.
You take 8 damage, and have 7/23 hp.
MASSIVE DAMAGE!!
You now have 2/5 mp.
It was a potion of brilliance.
You feel clever all of a sudden.
* * * LOW HITPOINT WARNING * * *
You feel very sick.
You take 5 damage, and have 2/23 hp.
MASSIVE DAMAGE!!
You die...

###......######
#...........#
#...........#
####...[.......#
..>.............#
........†.......#
.......#.##......#
.......#.##......#
########..#.@!...#
#..<........#
#......{.####
#........#
#........#
#.....>...
#####......
#...... #?......


There were no monsters in sight!

Vanquished Creatures
  Jessica (D:2)
  An adder (D:2)
  2 ball pythons (D:1)
  A giant cockroach (D:1)
  A goblin (D:1)
  2 hobgoblins (D:2)
  3 jackals (D:1)
  A bat (D:1)
  7 frilled lizards (D:1)
  3 kobolds
  3 rats
25 creatures vanquished.

Notes
Turn   | Place    | Note
-------+----------+-------------------------------------------
     0 | D:1      | murtidash the Vine Stalker Brigand began the quest for the
                  | Orb.
     0 | D:1      | Reached XP level 1. HP: 11/11 MP: 2/2
   231 | D:1      | Reached skill level 2 in Short Blades
   362 | D:1      | Reached skill level 2 in Fighting
   364 | D:1      | Reached XP level 2. HP: 15/15 MP: 3/3
   950 | D:2      | Reached skill level 1 in Armour
   950 | D:2      | Reached XP level 3. HP: 13/18 MP: 4/4
  1076 | D:2      | Noticed Jessica
  1078 | D:2      | Killed Jessica
  1218 | D:2      | Gained mutation: Your natural rate of healing is unusually
                  | fast. [Vine Stalker growth]
  1218 | D:2      | Reached XP level 4. HP: 23/23 MP: 5/5
  1225 | D:2      | Noticed Sigmund
  1248 | D:2      | HP: 2/23 [poisoned by Sigmund]
  1249 | D:2      | Succumbed to Sigmund's poison

Illustrated notes

Levels and vault maps discovered:
D:1:      dpeg_arrival_three_bigger_balls, layout_loops_cross,
          minmay_lizard_pond
D:2:      layout_basic, uniq_sigmund, uniq_jessica

Skill      XL: |  1  2 |
---------------+-------+-----
Short Blades   | 2 |  2.6
Fighting       | 2 |  2.5
Armour         | 1 |  1.4
Throwing       | |  1.7
Dodging        | |  0.7
Stealth        | |  4.8

Action                   |  1- 3 |  4- 6 || total
-------------------------+-------+-------++-------
Melee: Dagger            |    79 |     2 ||    81
       Bite              |    12 |       ||    12
       Punch             |     1 |       ||     1
  Use: Potion            |       |     3 ||     3
Armor: Chain mail        |    52 |     1 ||    53
       Skin              |       |     6 ||     6
Dodge: Dodged            |    17 |       ||    17

Table legend: (Time is in decaauts)
 A = Elapsed time spent in this place.
 B = Non-inter-level travel time spent in this place.
 C = Inter-level travel time spent in this place.
 D = Time resting spent in this place.
 E = Time spent auto-exploring this place.
 F = Levels seen in this place.
 G = Mean time per level.
                   A        B        C        D        E       F      G
               +--------+--------+--------+--------+--------+-----+--------+
         Total |   1238 |   1179 |     59 |      0 |    987 |   2 |  619.0 |
       Dungeon |   1238 |   1179 |     59 |      0 |    987 |   2 |  619.0 |
               +--------+--------+--------+--------+--------+-----+--------+

Top non-repeatable levels by time:
     D:1: 877 daAuts
     D:2: 360 daAuts

Table legend:
 A = Kills in this place as a percentage of kills in entire the game.
 B = Kills by you in this place as a percentage of kills by you in the entire game.
 C = Kills by friends in this place as a percentage of kills by friends in the entire game.
 D = Other kills in this place as a percentage of other kills in the entire game.
 E = Experience gained in this place as a percentage of experience gained in the entire game.
 F = Experience gained in this place divided by the number of levels of this place that you have seen.
                   A       B       C       D       E      F
               +-------+-------+-------+-------+-------+----------------------
         Total | 100.0 | 100.0 |   N/A |   N/A | 100.0 |  41.0
       Dungeon | 100.0 | 100.0 |   N/A |   N/A | 100.0 |  41.0
               +-------+-------+-------+-------+-------+----------------------
